 Dungeon Crawl Stone Soup version 0.30-a0-358-g0d69a1922f (webtiles) character file.

Game seed: 8665385025634747566

12912 koil the Nimble (level 11, -8/74 (84) HPs)
             Began as a Vampire Enchanter on Nov 10, 2022.
             Was a Believer of Makhleb.
             Mangled by a minotaur
             ... wielding the +4 morningstar "Pier" {drain, rElec Str+9 Int-4 Dex+2}
              (12 damage)
             ... in a Gauntlet.
             The game lasted 01:29:23 (12195 turns).

koil the Nimble (Vampire Enchanter)                Turns: 12195, Time: 01:29:53

HP:   -8/74 (84)    AC:  9    Str:  7    XL:     11   Next: 68%
MP:   19/22         EV: 19    Int: 24    God:    Makhleb [**....]
Gold: 559           SH:  0    Dex: 15    Spells: 17/25 levels left

rFire   . . .      SeeInvis +    b - +9 great sword of Oworch {flame, Int+2}
rCold   x . .      Faith    .    (shield currently unavailable)
rNeg    . . .      Spirit   .    M - +1 troll leather armour
rPois   .          Reflect  .    j - +1 helmet
rElec   .          Harm     .    r - +0 cloak
rCorr   +          Rampage  .    (no gloves)
Will    +....      NoTele   +    D - +0 pair of boots "Rilakh" {rC- Regen+ rCorr SInv}
Stlth   ++++......               (no amulet)
HPRegen 2.12/turn                v - +4 ring of evasion
MPRegen 0.18/turn                x - ring of flight

@: confusing by touch, flying, healing quickly, studying Polearms, heavily
drained
A: alive, fangs 3, see invisible, vampiric 2
a: Exsanguinate, Renounce Religion, Minor Destruction


You were in a Gauntlet.
You worshipped Makhleb.
Makhleb was pleased with you.
You visited 2 branches of the dungeon, and saw 12 of its levels.
You also visited: Gauntlet.

You collected 559 gold pieces.

Inventory:

Hand Weapons
 a - a +4 dagger of freezing
 b - the +9 great sword of Oworch (weapon) {flame, Int+2}
   (You acquired it on level 6 of the Dungeon)

   It burns those it strikes, dealing additional fire damage.
   Big, fiery blades are also staple armaments of hydra-hunters.
   Int:       It affects your intelligence (+2).
 z - a +3 vampiric short sword
Missiles
 g - 2 curare-tipped darts {!f}
 k - 14 poisoned darts (quivered)
 B - 7 throwing nets {!f}
Armour
 f - +0 steam dragon scales
 j - a +1 helmet (worn)
 r - a +0 cloak (worn)
 y - a +0 pair of boots
 D - the +0 pair of boots "Rilakh" (worn) {rC- Regen+ rCorr SInv}
   (You found it in a Gauntlet)

   rC:        It makes you vulnerable to cold.
   SInv:      It lets you see invisible.
   Regen:     It increases your rate of health regeneration.
   rCorr:     It protects you from acid and corrosion.
 K - a +2 robe of fire resistance
 M - a +1 troll leather armour (worn)
Jewellery
 v - a +4 ring of evasion (left hand)
 x - a ring of flight (right hand)
 A - a ring of positive energy
Wands
 q - a wand of quicksilver (7)
Scrolls
 d - 2 scrolls of butterflies
 e - a scroll of amnesia
 l - 3 scrolls of blinking
 m - 5 scrolls of teleportation
 n - 2 scrolls of poison
 w - 2 scrolls of vulnerability
 E - 2 scrolls of magic mapping
Potions
 c - 6 potions of invisibility
 h - a potion of might
 i - a potion of brilliance
 p - 3 potions of magic
 s - 6 potions of curing
 t - 2 potions of resistance
 u - a potion of lignification
 C - 2 potions of flight
 F - 3 potions of haste
 G - a potion of mutation
 H - a potion of ambrosia {unknown}
 I - 4 potions of attraction {unknown}
Miscellaneous
 o - a lightning rod (4/4)


   Skills:
 + Level 7.3 Fighting
 + Level 9.0 Short Blades
 - Level 3.0 Armour
 + Level 9.2 Dodging
 - Level 8.0 Stealth
 + Level 7.7 Spellcasting
 + Level 3.4 Conjurations
 - Level 8.0 Hexes
 - Level 4.0 Air Magic


You had 17 spell levels left.
You knew the following spells:

 Your Spells              Type           Power      Damage    Failure   Level
a - Ensorcelled Hibernat  Hex/Ice        56%        N/A       2%          2
b - Confusing Touch       Hex            47%        N/A       1%          3
c - Dazzling Flash        Conj/Hex       72%        N/A       2%          3

Your spell library contained the following spells:

 Spells                   Type           Power      Damage    Failure   Level
 Tukima's Dance           Hex            47%        N/A       1%          3
 Static Discharge         Conj/Air       54%        2-5/arc   3%          2
 Summon Guardian Golem    Hex/Summ       28%        N/A       5%          3
 Summon Small Mammal      Summ           36%        N/A       10%         1
 Vhi's Electric Charge    Tloc/Air       36%        N/A       13%         3
 Hailstorm                Conj/Ice       17%        3d6       14%         3
 Call Canine Familiar     Summ           9%         N/A       28%         3
 Ignite Poison            Fire/Tmut/Pois 9%         N/A       28%         3
 Sticky Flame             Conj/Fire      17%        2d4       43%         4
 Arcjolt                  Conj/Air       13%        1d23      52%         5
 Lightning Bolt           Conj/Air       13%        1d27      52%         5
 Ice Form                 Ice/Tmut       9%         N/A       67%         4
 Simulacrum               Ice/Necr       4%         N/A       100%        6
 Ignition                 Fire           4%         3d4       100%        8


Dungeon Overview and Level Annotations

Branches:
Dungeon (11/15)            Temple (1/1) D:6            Lair (0/5) D:9
    Orc (0/2) D:10        Gauntlet (1/1)

Altars:
Ashenzari
Cheibriados
Dithmenos
Fedhas
Gozag
Hepliaklqana
Kikubaaqudgha
Makhleb
Nemelex Xobeh
Okawaru
Qazlal
Ru
Sif Muna
Trog
Uskayaw
Vehumet
Wu Jian
Xom
Yredelemnul

Annotations:
D:7 exclusion: oklob plant Gauntlet 7 transporters, 1 runed translucent door


Innate Abilities, Weirdness & Mutations

Your natural rate of healing is accelerated.
You have razor-sharp teeth.
You have supernaturally acute eyesight. (SInv)
You are afflicted with vampirism and can become a bat while bloodless.


Message History

You finish taking off your +0 pair of boots.
You start putting on your armour.
You continue putting on the +0 pair of boots "Rilakh" {rC- Regen+ rCorr SInv}. x5
You finish putting on the +0 pair of boots "Rilakh" {rC- Regen+ rCorr SInv}.
The boots "Rilakh" throb as they attune themselves to your uninjured body.
You start removing your armour.
You continue taking off your +2 robe of fire resistance. x4
You finish taking off your +2 robe of fire resistance.
You feel less resistant to fire.
You start putting on your armour.
You continue putting on your +1 troll leather armour.
The hell hound pauses to sniff the ground.
You continue putting on your +1 troll leather armour. x2
The hell hound pauses to sniff the ground.
You continue putting on your +1 troll leather armour. x2
The hell hound stops to sniff the ground.
You finish putting on your +1 troll leather armour.
The armour throbs as it attunes itself to your uninjured body.
Okay, then.
You enter the transporter and appear at another place.
There is a transporter landing site here.
There is a transporter landing site here.
A minotaur comes into view.
It is wielding the +4 morningstar "Pier" {drain, rElec Str+9 Int-4 Dex+2}.
The minotaur moves out of view.
Found a long iron wand.
Found a gate leading back out of this place.
Casting: Confusing Touch (safe; 1% risk of failure)
Confirm with . or Enter, or press ? or * to list all spells.
Your hands begin to glow red.
The minotaur bellows!
The minotaur throws a javelin.
The javelin pierces through you!
The minotaur throws a javelin.
The javelin pierces through you.
The minotaur hits you with the +4 morningstar "Pier" {drain, rElec Str+9 Int-4 Dex+2}!!
You feel drained. The minotaur misses you.
You hit the minotaur but do no damage.
You bite the minotaur, but do no damage.
The minotaur hits you with the +4 morningstar "Pier" {drain, rElec Str+9 Int-4 Dex+2}!!!
* * * LOW HITPOINT WARNING * * *
You feel drained.
You die...

####...≈≈# ..##...≈##.
.### ## ##.#...###. .##.
..# .#.#.♣..##...... #.#
.#©#.PP..#.♣.##.##..
#..#..P♣.#...##....# ##.
#..#...P.#.©....##.##....
.###.....#...##.##....#
####.....#.©.##H@..######
......∩..#......##.'...∩#
####.....#.©.##.##.######
uuG#.....#...##....#
##.#.....#.©....##.#
#.=#..P♣.#...##.##...
#.©#.....#.♣.##....##.#
..?#.♣..##......##.# ..
.#u#...###.♣.##.##... ##


You could see a minotaur.

Vanquished Creatures
  Harold (D:9)
  Erica (D:8)
  Pikel (D:8)
  A gargoyle (D:6)
  An efreet (Gauntlet)
  2 unseen horrors
  A kobold demonologist (D:6)
  3 trolls
  Prince Ribbit (D:9)
  2 slime creatures (Gauntlet)
  2 wyverns
  3 fire elementals (Gauntlet)
  Eustachio (D:4)
  16 yaks
  3 chaos spawn
  2 steam dragons
  2 wargs (D:10)
  An acid dragon (D:10)
  A swamp worm (Gauntlet)
  2 water moccasins
  3 hell hounds (Gauntlet)
  An ice beast (D:7)
  2 black bears
  5 orc warriors
  A human (D:8)
  3 wolves
  2 centaurs
  2 phantoms (D:4)
  3 kobold brigands
  2 gnoll sergeants
  2 scorpions (D:6)
  6 killer bees
  3 electric eels (D:9)
  4 howler monkeys
  Crazy Yiuf (D:2)
  5 jellies
  A gnoll bouda (D:4)
  10 hounds
  6 orc priests
  Jessica (D:2)
  3 iguanas (D:5)
  11 orc wizards
  Terence (D:3)
  Robin (D:2)
  11 gnolls
  9 adders
  2 shadow imps
  An ufetubus (D:4)
  A worm (D:2)
  4 dart slugs
  34 orcs
  12 bats
  10 endoplasms
  2 giant cockroaches
  18 goblins
  11 hobgoblins
  15 jackals
  2 quokkas (D:3)
  5 ball pythons
  3 frilled lizards
  9 kobolds
  A rat (D:2)
276 creatures vanquished.

Notes
Turn   | Place    | Note
-------+----------+-------------------------------------------
     0 | D:1      | koil the Vampire Enchanter began the quest for the Orb.
     0 | D:1      | Reached XP level 1. HP: 13/13 MP: 3/3
   241 | D:1      | Reached XP level 2. HP: 19/20 MP: 5/5
   267 | D:1      | Learned a level 2 spell: Ensorcelled Hibernation
   483 | D:1      | Gained mutation: You are afflicted with vampirism and can
                  | become a bat while bloodless. [Vampire growth]
   483 | D:1      | Reached XP level 3. HP: 25/25 MP: 6/6
   487 | D:1      | Learned a level 3 spell: Dazzling Flash
   712 | D:1      | Reached skill level 5 in Stealth
   965 | D:2      | Found a faded altar of an unknown god.
  1101 | D:2      | Reached skill level 1 in Fighting
  1139 | D:2      | Noticed Robin
  1143 | D:2      | Killed Robin
  1148 | D:2      | Reached XP level 4. HP: 32/32 MP: 4/7
  1211 | D:2      | Reached skill level 5 in Hexes
  1262 | D:2      | Noticed Jessica
  1276 | D:2      | Killed Jessica
  1330 | D:2      | Found a shimmering altar of Xom.
  1525 | D:2      | Reached XP level 5. HP: 37/37 MP: 5/8
  1865 | D:2      | Found a runed translucent door.
  1866 | D:2      | Noticed Crazy Yiuf
  2143 | D:2      | Learned a level 3 spell: Confusing Touch
  2158 | D:2      | Killed Crazy Yiuf
  2248 | D:3      | Noticed Terence
  2255 | D:3      | Killed Terence
  2880 | D:3      | Reached XP level 6. HP: 42/44 MP: 10/10
  2904 | D:3      | Found a basalt altar of Yredelemnul.
  3418 | D:4      | Reached XP level 7. HP: 51/51 MP: 1/12
  3516 | D:4      | Noticed Eustachio
  3531 | D:4      | Killed Eustachio
  3787 | D:5      | Entered Level 5 of the Dungeon
  3790 | D:5      | Found a stormy altar of Qazlal.
  4267 | D:5      | Reached XP level 8. HP: 51/58 MP: 1/13
  4978 | D:5      | Reached skill level 5 in Dodging
  5078 | D:6      | Noticed a kobold demonologist
  5185 | D:6      | Killed a kobold demonologist
  5186 | D:6      | Reached skill level 5 in Short Blades
  5198 | D:6      | Noticed a gargoyle
  5220 | D:6      | Killed a gargoyle
  5221 | D:6      | Reached XP level 9. HP: 32/66 MP: 13/16
  5417 | D:6      | Identified a scroll of acquirement
  5417 | D:6      | Acquired the +9 great sword of Oworch {flame, Int+2}
  5435 | D:6      | Reached skill level 5 in Spellcasting
  5783 | D:6      | Found a staircase to the Ecumenical Temple.
  6057 | Temple   | Entered the Ecumenical Temple
  6086 | Temple   | Became a worshipper of Makhleb the Destroyer
  6279 | D:7      | Found a blossoming altar of Fedhas.
  6293 | D:7      | Noticed an oklob plant
  6308 | D:7      | You fall into a shaft and drop 3 floors!
  6308 | D:10     | Entered Level 10 of the Dungeon
  6323 | D:10     | Found an ornate altar of the Wu Jian Council.
  6343 | D:9      | Noticed a troll
  6345 | D:9      | Killed a troll
  6346 | D:9      | Reached skill level 5 in Fighting
  6346 | D:9      | Reached skill level 1 in Armour
  6696 | D:8      | Reached XP level 10. HP: 39/75 MP: 19/19
  6836 | D:7      | Found a hide-covered altar of Uskayaw.
  6976 | D:7      | Reached * piety under Makhleb
  7444 | D:8      | Found a shimmering altar of Xom.
  7534 | D:8      | Found the +7 mace of Variability {chain chaos}
  7803 | D:8      | Found a bloodstained altar of Trog.
  7803 | D:8      | Found a snail-covered altar of Cheibriados.
  7806 | D:8      | Found a hazy altar of Hepliaklqana.
  7901 | D:8      | Noticed Erica
  7919 | D:8      | Killed Erica
  7920 | D:8      | Reached skill level 1 in Air Magic
  8126 | D:8      | Noticed Pikel
  8171 | D:8      | Killed Pikel
  8172 | D:8      | Reached skill level 1 in Conjurations
  8523 | D:8      | Found an ancient bone altar of Kikubaaqudgha.
  8836 | D:9      | Noticed Prince Ribbit
  8851 | D:9      | Killed Prince Ribbit
  9040 | D:9      | Noticed Harold
  9369 | D:9      | Killed Harold
  9370 | D:9      | Reached XP level 11. HP: 64/83 MP: 19/21
  9427 | D:9      | Found a staircase to the Lair.
  9581 | D:9      | Reached ** piety under Makhleb
 10510 | D:10     | Found a staircase to the Orcish Mines.
 10551 | D:10     | Found a broken altar of Ashenzari.
 11370 | D:11     | Found a gate leading to a gauntlet.
 11411 | Gauntlet | Entered a Gauntlet
 11411 | Gauntlet | Found a transporter.
 11422 | Gauntlet | Found a transporter.
 11424 | Gauntlet | Found a transporter.
 11428 | Gauntlet | Found a runed translucent door.
 11437 | Gauntlet | Found a runed translucent door.
 11439 | Gauntlet | Found a transporter.
 11441 | Gauntlet | Found a transporter.
 11453 | Gauntlet | Noticed a hell hog
 11455 | Gauntlet | Found a transporter.
 11468 | Gauntlet | Found a transporter.
 11475 | Gauntlet | Noticed a white ugly thing
 11478 | Gauntlet | Found a transporter.
 11480 | Gauntlet | Noticed a brown ugly thing
 11482 | Gauntlet | Noticed a glowing orange brain
 11485 | Gauntlet | Noticed a wolf spider
 11488 | Gauntlet | Found a transporter.
 11503 | Gauntlet | Found a transporter.
 11506 | Gauntlet | Found a runed translucent door.
 11518 | Gauntlet | Found a transporter.
 11521 | Gauntlet | Noticed a wizard
 11579 | Gauntlet | HP: 7/84 [swamp worm (17)]
 11743 | Gauntlet | Found a transporter.
 11868 | Gauntlet | Identified the +0 pair of boots "Rilakh" {rC- Regen+ rCorr
                  | SInv}
 11894 | Gauntlet | HP: 22/126 [hell hound (5)]
 11901 | Gauntlet | HP: 16/126 [efreet/+1 scimitar of flaming (13)]
 12152 | Gauntlet | Found a transporter.
 12188 | Gauntlet | Identified the +4 morningstar "Pier" {drain, rElec Str+9
                  | Int-4 Dex+2}
 12188 | Gauntlet | Noticed a minotaur
 12190 | Gauntlet | Found the +8 lance "Wyrmbane" {slay drac, rPois rF+ rC+
                  | AC+3}
 12195 | Gauntlet | HP: 4/80 [minotaur/the +4 morningstar "Pier" {drain, rElec
                  | Str+9 Int-4 Dex+2} (37)]
 12195 | Gauntlet | Mangled by a minotaur

Illustrated notes

Levels and vault maps discovered:
D:1:      spicycebolla_arrival_clurvy, layout_basic, feat_on_display
D:2:      layout_loops_corners, hellmonk_ecumenical_altar_leap_of_faith,
          basic_altar, uniq_robin, uniq_jessica, uniq_crazy_yiuf_cottage
D:3:      layout_basic, mainiacjoe_overflow_24_doors, uniq_terence
D:4:      layout_rooms, uniq_eustachio
D:5:      layout_cave_pools, nicolae_qazlal_scattered_showers,
          hangedman_decor_lopped
D:6:      layout_loops_ring, minmay_temple_entry_fiery, minmay_manual_monolith
D:7:      layout_loops_cross, tgw_fedhas, mainiacjoe_overflow_catwalk,
          enter_bailey_2
D:8:      layout_basic, chequers_temple_overflow_statue_of_worship,
          tgw_kikubaaqudgha, minmay_guarded_unrand_variability, uniq_erica,
          uniq_pikel
D:9:      layout_layer_cave, erik_lair_island, st_stairs_1,
          chequers_serial_rivers_micro_e, grunt_ministairs_1,
          nicolae_figureground_pulse, uniq_prince_ribbit1, uniq_harold
D:10:     layout_loops_ring, mainiacjoe_overflow_paths, lemuel_tele_altar,
          minmay_orc_entry_guard_dogs
D:11:     layout_rooms, maelrawn_ghost_gauntlet_escape, gauntlet_entry_generic
Temple:   minmay_freezing_vapour_temple
Gauntlet: minmay_gauntlet_77_tree [minmay_gauntlet_arena_77_p_blocks,
          minmay_gauntlet_arena_77_cramped, minmay_gauntlet_arena_77_path,
          minmay_gauntlet_arena_77_chump_sandwich,
          minmay_gauntlet_arena_77_mess, minmay_gauntlet_arena_77_broken_ladder,
          minmay_gauntlet_arena_77_double_cross, gauntlet_exit_green]

Skill      XL: |  1  2  3  4  5  6  7  8  9 10 11 |
---------------+----------------------------------+-----
Stealth        | 5 6 7 8 |  8.0
Fighting       | 1 2 3 4 5 6 7 |  7.3
Short Blades   | 2 3 4 5 7 8 9 |  9.0
Hexes          | 5 6 8 |  8.0
Dodging        | 3 4 5 7 8 9 |  9.2
Spellcasting   | 3 4 6 7 |  7.7
Armour         | 2 3 |  3.0
Air Magic      | 2 4 |  4.0
Conjurations   | 2 3 |  3.4

Action                   |  1- 3 |  4- 6 |  7- 9 | 10-12 || total
-------------------------+-------+-------+-------+-------++-------
Melee: Dagger            |    73 |   164 |   185 |    50 ||   472
       Bite              |     9 |    14 |    20 |    41 ||    84
       Punch             |     2 |       |     2 |     1 ||     5
       Short sword       |    54 |       |       |       ||    54
       Great sword       |       |       |    72 |   266 ||   338
 Cast: Ensorcelled Hiber |     1 |    16 |    38 |     4 ||    59
       Confusing Touch   |       |     5 |     8 |    12 ||    25
  Use: Scroll            |       |       |    14 |     6 ||    20
       Potion            |       |       |     2 |     4 ||     6
 Stab: Sleeping          |    11 |    19 |    31 |     7 ||    68
       Distracted        |     1 |       |       |       ||     1
       Confused          |       |     4 |     6 |     6 ||    16
Armor: Robe              |    21 |    33 |    30 |    18 ||   102
       Leather armour    |       |       |    18 |    24 ||    42
       Acid dragon scale |       |       |       |    48 ||    48
       Troll leather arm |       |       |       |    15 ||    15
Dodge: Dodged            |    66 |   100 |   191 |   406 ||   763

Table legend: (Time is in decaauts)
 A = Elapsed time spent in this place.
 B = Non-inter-level travel time spent in this place.
 C = Inter-level travel time spent in this place.
 D = Time resting spent in this place.
 E = Time spent auto-exploring this place.
 F = Levels seen in this place.
 G = Mean time per level.
                   A        B        C        D        E       F      G
               +--------+--------+--------+--------+--------+-----+--------+
         Total |  12263 |  11581 |    682 |   1401 |   6515 |  13 |  943.3 |
       Dungeon |  11385 |  10706 |    679 |    985 |   6515 |  11 | 1035.0 |
        Temple |     79 |     76 |      3 |      0 |      0 |   1 |   79.0 |
      Gauntlet |    798 |    798 |      0 |    416 |      0 |   1 |  798.0 |
               +--------+--------+--------+--------+--------+-----+--------+

Top non-repeatable levels by time:
     D:9: 1580 daAuts
     D:8: 1512 daAuts
     D:2: 1308 daAuts
     D:6: 1241 daAuts
     D:5: 1239 daAuts
    D:10: 1152 daAuts
     D:3: 929 daAuts
     D:1: 888 daAuts
Gauntlet: 798 daAuts
     D:7: 795 daAuts
     D:4: 659 daAuts
  Temple: 79 daAuts
    D:11: 77 daAuts
